cohdb
Replays
Latest Replays
All Replays
Popular Replays
Top Player Replays
Match Explorer
How It Works
Community
CoH3 Stats
Reddit
Sign in to upload your games and track your stats! →
Sign in with Steam
Match 46996464
Unlisted
Match 46996464
Overview
Messages
Build Orders
End
Kradschützen Motorcycle Team
Panzergrenadier Squad
Panzergrenadier Squad
Construct Light Support Kompanie
Panzerjäger Squad
Fire Support Elements
le.IG 18 Support Gun Team
Selects Panzerjäger Kommand Battlegroup
Selects Panzerjäger Kommand Battlegroup
Selects Mine Fields
le.IG 18 Mechanized Group
Pak 38 Anti-tank Gun Team
Selects Defensive Positions
2.5-tonne Medical Truck
Selects Tank Busters
Flakvierling Half-track
Veteran Squad Leaders
Selects Butterfly Bomb Drop
Butterfly Bomb Drop
Construct Panzerarmee Kommand
Armored Reserves
Butterfly Bomb Drop
Tiger Heavy Tank
Selects Crew Shock Tactics
Butterfly Bomb Drop
Butterfly Bomb Drop
Emergency Repair Kits
Vehicle Survival Package
Tungsten Core Ammunition
Butterfly Bomb Drop
Rapid Advance
Forward Retreat Point
Butterfly Bomb Drop
Panzer III L Medium Tank
JVM
cmsmiley
jdparti
EnemyTrooper
(BC) Herotheus
Dr. Tacosaurus
NSAsBest
Ithilior
0
0
Comments
sign in to comment!
No comments posted yet!